 Seeded DCSS version 0.28.0-53-g5a82cb258f (webtiles) character file.

Game seed: 67102397 (custom seed)

111 xaos the Caller (level 4, -2/31 HPs)
             Began as a Hill Orc Summoner on May 30, 2022.
             Was a Plaything of Xom.
             Slain by an ogre
             ... wielding a +0 giant club
              (12 damage)
             ... on level 3 of the Dungeon on May 31, 2022.
             The game lasted 00:19:23 (5627 turns).

xaos the Caller (Hill Orc Summoner)                 Turns: 5627, Time: 00:19:24

Health: -2/31      AC:  4    Str: 10    XL:     4   Next: 92%
Magic:  5/7        EV: 12    Int: 17    God:    Xom [..*...]
Gold:   102        SH:  0    Dex: 17    Spells: 0/7 levels left

rFire   . . .      SeeInvis .   d - +0 short sword
rCold   . . .      Faith    .   (no shield)
rNeg    . . .      Spirit   .   h - +0 leather armour
rPois   .          Reflect  .   (no helmet)
rElec   .          Harm     .   (no cloak)
rCorr   .          Rampage  .   (no gloves)
Will    .....                   k - +0 pair of boots
Stlth   ++........              (no amulet)
HPRegen 0.10/turn               f - +6 ring of dexterity
MPRegen 0.10/turn               (no ring)

@: no status effects
A: frail 1
a: Renounce Religion


You were on level 3 of the Dungeon.
You worshipped Xom.
You were a toy of Xom.
You visited 1 branch of the dungeon, and saw 3 of its levels.

You collected 102 gold pieces.

Inventory:

Hand Weapons
 d - a +0 short sword (weapon)
 m - a +0 flail
Missiles
 j - 4 poisoned darts (quivered)
Armour
 h - a +0 leather armour (worn)
 k - a +0 pair of boots (worn)
 n - a +0 chain mail
Jewellery
 f - a +6 ring of dexterity (left hand)
Scrolls
 c - 2 scrolls of brand weapon {unknown}
 e - a scroll of blinking {unknown}
 g - a scroll of fear {unknown}
Potions
 a - a potion of brilliance {unknown}
 b - a potion of haste {unknown}
 i - a potion of magic {unknown}
 l - a potion of curing {unknown}


   Skills:
 + Level 1.0 Fighting
 + Level 0.7 Short Blades
 + Level 0.1 Throwing
 + Level 1.7 Armour
 + Level 1.8 Dodging
 + Level 1.8 Stealth
 + Level 2.3 Spellcasting
 + Level 4.6 Summonings


You couldn't memorise any spells.
You knew the following spells:

 Your Spells              Type           Power      Damage    Failure   Level
a - Summon Small Mammal   Summ           68%        N/A       3%          1
b - Call Imp              Summ           17%        N/A       5%          2
c - Call Canine Familiar  Summ           17%        N/A       11%         3
d - Animate Skeleton      Necr           4%         N/A       24%         1

Your spell library contained the following spells:

 Spells                   Type           Power      Damage    Failure   Level
 Pain                     Necr           8%         1d4       24%         1
 Sting                    Tmut/Pois      8%         1d3       24%         1
 Summon Guardian Golem    Hex/Summ       9%         N/A       28%         3
 Poisonous Vapours        Pois/Air       4%         N/A       36%         2
 Vampiric Draining        Necr           2%         2d6       58%         3
 Summon Lightning Spire   Summ/Air       9%         N/A       67%         4
 Olgreb's Toxic Radiance  Pois           2%         N/A       94%         4


Dungeon Overview and Level Annotations

Branches:
Dungeon (3/15)

Altars:
Xom


Innate Abilities, Weirdness & Mutations

You are frail. (-10% HP)


Message History

The orc barely misses you. The orc misses you.
You barely miss the orc. The orc barely misses you.
The orc hits you with a +0 hand axe.
You closely miss the orc.
The orc is moderately wounded.
The orc hits you with a +0 club. The orc misses you.
Cast which spell? (? or * to list)
A beastly little devil appears in a puff of flame.
The orc closely misses you. x2; The orc barely misses your crimson imp.
The orc misses you. The orc closely misses you.
The orc hits your crimson imp with a +0 hand axe.
Your crimson imp hits the orc.
The orc hits your crimson imp with a +0 hand axe.
Your crimson imp hits the orc.
The orc dies!
Your crimson imp closely misses the orc.
The orc barely misses you.
Your crimson imp hits the orc.
Your crimson imp hits the orc.
The orc dies!
You start resting.
Magic restored.
You start resting. "Where it stops, nobody knows!"
Your surroundings suddenly seem different.
Your surroundings suddenly seem different.
An ogre comes into view. It is wielding a +0 giant club.
Unknown command.
The helpless ogre fails to defend itself.
You puncture the ogre!
The ogre is moderately wounded.
The ogre closely misses you.
You hit the ogre but do no damage.
The ogre is moderately wounded.
The ogre misses you.
Casting: Call Imp (safe; 5% risk of failure)
Confirm with . or Enter, or press ? or * to list all spells.
A metallic apparition takes form in the air.
The ogre hits you with a +0 giant club! The ogre hits you with a +0 giant club!
You die...

#....#.#..##.....#
#........###....(#
#........'.#.....#
#........#.####'##
#........#.## #.#
#....#####..# #.#
......# ##.# #.#####
############.###......
#...@O#.........####.
#####.#.####.##.# #.#
#5#.# #.##.# #.# #.#.#
#..#.# #.# #.#.#
###.#.# #.# #.#.#
#.....##
############### #.#.#
#......#
..............# #.#.#
#......#
..............# #.#.#
#......#


You could see an ogre (ally target) and a friendly iron imp (summoned).

Vanquished Creatures
  2 dart slugs
  3 orcs
  5 endoplasms
  A hobgoblin (D:3)
  A kobold (D:1)
  A ball python (D:1)
  3 bats
  A rat (D:1)
17 creatures vanquished.

Vanquished Creatures (collateral kills)
  A bullfrog zombie (D:3)
  2 adders
  3 orcs (D:3)
  5 bats
  2 endoplasms (D:1)
  A giant cockroach (D:1)
  3 hobgoblins
  5 ball pythons
  3 frilled lizards
  3 goblins (D:1)
  3 kobolds
  3 rats
34 creatures vanquished.

Grand Total: 51 creatures vanquished

Notes
Turn   | Place    | Note
-------+----------+-------------------------------------------
     0 | D:1      | xaos the Hill Orc Summoner began the quest for the Orb.
     0 | D:1      | Reached XP level 1. HP: 14/14 MP: 3/3
   420 | D:1      | Reached XP level 2. HP: 20/20 MP: 4/4
  1309 | D:1      | Found a faded altar of an unknown god.
  1317 | D:1      | Prayed at the altar of an unknown god.
  1317 | D:1      | Became a worshipper of Xom of Chaos
  1519 | D:1      | Reached XP level 3. HP: 24/27 MP: 3/5
  1542 | D:1      | XOM: silly message
  2033 | D:2      | Learned a level 2 spell: Call Imp
  2187 | D:2      | Learned a level 3 spell: Call Canine Familiar
  2397 | D:2      | XOM: silly message
  2429 | D:2      | XOM: 1-stop teleportation journey
  2463 | D:2      | XOM: polymorph bat -> frilled lizard
  2568 | D:2      | XOM: summons 2 hostile demons
  2584 | D:2      | XOM: 2-stop teleportation journey
  2947 | D:2      | XOM: give mutation
  2947 | D:2      | Gained mutation: You are frail. (-10% HP) [Xom's mischief]
  3527 | D:2      | XOM: polymorph quokka -> ball python
  3528 | D:2      | XOM: polymorph ball python -> goblin
  3957 | D:3      | XOM: 2-stop teleportation journey
  3993 | D:3      | XOM: torment (12/24 hp)
  3994 | D:3      | XOM: god gift: sedimented white potion {god gift}
  4197 | D:3      | XOM: 1-stop teleportation journey
  4355 | D:3      | Reached skill level 1 in Armour
  4355 | D:3      | Reached XP level 4. HP: 26/30 MP: 7/7
  4512 | D:3      | XOM: give mutations
  4512 | D:3      | Lost mutation: You are frail. (-10% HP) [Xom's mischief]
  4512 | D:3      | Gained mutation: You are frail. (-10% HP) [Xom's mischief]
  4522 | D:3      | Reached skill level 1 in Fighting
  4959 | D:3      | XOM: 5-stop teleportation journey
  5099 | D:3      | Learned a level 1 spell: Animate Skeleton
  5175 | D:3      | XOM: swap monsters
  5620 | D:3      | Noticed an ogre
  5620 | D:3      | XOM: 2-stop teleportation journey
  5627 | D:3      | Slain by an ogre

Illustrated notes

Levels and vault maps discovered:
D:1:      ebering_hopf_link, layout_loops_ring,
          shapermc_ecumenical_altar_pompeii
D:2:      layout_loops_corners, grunt_ministairs_11
D:3:      layout_basic, serial_co_window_serial, co_window_paths_b,
          co_window_corner_a, co_window_paths_b, co_window_paths_a,
          co_window_paths_b, co_window_of_opportunity_a, co_window_paths_b,
          co_window_unsneaky_path_d, co_window_unsneaky_path_c,
          co_window_of_opportunity_b, co_window_corner_cb, co_window_2corner,
          co_window_broadway_a, glass_columns_a, chequers_serial_rivers_micro_b,
          nrook_mini_backslash

Skill      XL: |  1  2  3  4 |
---------------+-------------+-----
Spellcasting   | 2 |  2.3
Armour         | 1 |  1.7
Fighting       | 1 |  1.0
Short Blades   | |  0.7
Throwing       | |  0.1
Dodging        | |  1.8
Stealth        | |  1.8
Summonings     | |  4.6

Action                   |  1- 3 |  4- 6 || total
-------------------------+-------+-------++-------
Melee: Unarmed           |     4 |       ||     4
       Dagger            |    11 |       ||    11
       Short sword       |    45 |    22 ||    67
       Punch             |     1 |     1 ||     2
Throw: Dart              |     7 |       ||     7
 Cast: Summon Small Mamm |    67 |     3 ||    70
       Call Imp          |     1 |     7 ||     8
  Use: Scroll            |     2 |       ||     2
       Potion            |     2 |       ||     2
 Stab: Sleeping          |     3 |     1 ||     4
       Distracted        |       |     1 ||     1
Armor: Robe              |    35 |       ||    35
       Leather armour    |    15 |     7 ||    22
Dodge: Dodged            |   114 |    27 ||   141
